 Dungeon Crawl Stone Soup version 0.27-a0-287-gd4424db430 (webtiles) character file.

Game seed: 11881495606334504008

129 runemasterragnar the Ruffian (level 4, -3/36 HPs)
             Began as a Draconian Transmuter on Feb 9, 2021.
             Slain by Ijyb
             ... wielding a +2 dagger of venom
              (7 damage)
             ... on level 3 of the Dungeon.
             The game lasted 00:03:13 (3144 turns).

runemasterragnar the Ruffian (Draconian Transmuter) Turns: 3144, Time: 00:03:13

Health: -3/36      AC:  2    Str: 13    XL:     4   Next: 88%
Magic:  5/7        EV: 21    Int: 14    God:
Gold:   181        SH:  0    Dex: 22    Spells: 4/8 levels left

rFire    . . .     SeeInvis .     - Unarmed
rCold    . . .     Faith    .   (shield currently unavailable)
rNeg     + . .     Spirit   .   (armour unavailable)
rPois    x         Reflect  .   (helmet currently unavailable)
rElec    .         Harm     .   (cloak currently unavailable)
rCorr    .         Rampage  .   (gloves currently unavailable)
Will     .....                  (boots currently unavailable)
Stlth    ++........             (no amulet)
HPRegen  0.12/turn              g - +6 ring of dexterity
MPRegen  0.10/turn              i - ring of positive energy

@: lethally poisoned (-3 -> -30), spider-form (expiring)
A: tiny, unfitting armour, AC +5
a: End Transformation


You were on level 3 of the Dungeon.
You were a venomous arachnid creature.
You visited 1 branch of the dungeon, and saw 3 of its levels.

You collected 181 gold pieces.

Inventory:

Hand Weapons
 m - a +0 vorpal war axe
Armour
 e - a +0 pair of gloves (melded)
Jewellery
 g - a +6 ring of dexterity (left front leg)
 i - a ring of positive energy (right front leg)
Wands
 p - a wand of charming (4)
Scrolls
 a - 2 scrolls of identify
 d - 2 scrolls of remove curse
 f - a scroll of immolation {unknown}
 l - a scroll of enchant weapon {unknown}
 o - a scroll of amnesia {unknown}
Potions
 b - 2 potions of degeneration
 c - 2 potions of attraction {unknown}
 h - 2 potions of heal wounds {unknown}
 j - a potion of might {unknown}
 k - a potion of brilliance {unknown}
 n - a potion of invisibility {unknown}


   Skills:
 + Level 2.0 Fighting
 + Level 2.3 Dodging
 + Level 1.3 Stealth
 + Level 3.4 Unarmed Combat
 + Level 2.5 Spellcasting
 * Level 3.3 Transmutations


You had 4 spell levels left.
You knew the following spells:

 Your Spells              Type           Power        Failure   Level
a - Beastly Appendage     Tmut           22%          16%         1
b - Spider Form           Tmut/Pois      3%           56%         3

Your spell library contained the following spells:

 Spells                   Type           Power        Failure   Level
 Wereblood                Tmut           11%          22%         2
 Ice Form                 Ice/Tmut       6%           89%         4
 Blade Hands              Tmut           5%           94%         5


Dungeon Overview and Level Annotations

Branches:
Dungeon (3/15)

Altars:

Annotations:
D:3 Ijyb


Innate Abilities, Weirdness & Mutations

((Your plain brown scales are hard. (AC +5)))
You cannot fit into any form of body armour.
((You are cold-blooded and may be slowed by cold attacks.))


Message History

Ijyb is heavily wounded.
* * * LOW HITPOINT WARNING * * *
You feel sick. Ijyb barely misses you.
Unknown command.
You hit Ijyb.
Ijyb looks as sick as possible!
Ijyb is heavily wounded.
* * * LOW HITPOINT WARNING * * *
You feel sick. Ijyb completely misses you.
Unknown command.
You hit Ijyb but do no damage.
Ijyb looks as sick as possible!
Ijyb is heavily wounded.
* * * LOW HITPOINT WARNING * * *
You feel very sick.
Ijyb zaps a wand.
You shrug off the repeated paralysis!
You hit Ijyb but do no damage.
Ijyb looks as sick as possible!
Ijyb is heavily wounded.
* * * LOW HITPOINT WARNING * * *
You feel sick.
Ijyb hits you with a +2 dagger of venom!
You die...

### ...
###.#####.#####
..g............
###
#######r#.#####
#.# ##g#.# #.#
#s...### #.#
#......# #.#
##)###.# #.#
#.# # #.# #.#
#.# #.# #.# .#
#.# #.# #.# #.#
#.# #.# #.# #.#
#.# #.# #.# #.#
#.#


You could see Ijyb (extremely poisoned) and a rat.

Vanquished Creatures
  Jessica (D:3)
  5 adders
  3 worms
  A leopard gecko (D:3)
  4 bats
  5 giant cockroaches
  9 goblins
  6 hobgoblins
  3 jackals (D:3)
  A quokka (D:2)
  2 frilled lizards
  2 kobolds
  9 rats
51 creatures vanquished.

Notes
Turn   | Place    | Note
-------+----------+-------------------------------------------
     0 | D:1      | runemasterragnar the Draconian Transmuter began the quest
                  | for the Orb.
     0 | D:1      | Reached XP level 1. HP: 16/16 MP: 3/3
   122 | D:1      | Reached XP level 2. HP: 23/23 MP: 5/5
  1134 | D:2      | Reached XP level 3. HP: 28/28 MP: 4/6
  1617 | D:2      | Reached skill level 1 in Stealth
  2002 | D:1      | Reached XP level 4. HP: 20/36 MP: 5/7
  2585 | D:3      | Noticed Jessica
  2605 | D:3      | Killed Jessica
  3123 | D:3      | Noticed Ijyb
  3132 | D:3      | Learned a level 3 spell: Spider Form
  3133 | D:3      | Paralysed by Ijyb for 6 turns
  3144 | D:3      | Slain by Ijyb

Illustrated notes

Levels and vault maps discovered:
D:1:      lightli_arrival_farm, layout_basic, minmay_rat_gold_closets
D:2:      layout_loops_ring, due_unseen_surprise
D:3:      layout_loops_ring, lemuel_zombie_altar_yredelemnul,
          gup_sewer_entry_bowl, uniq_jessica, uniq_ijyb

Skill      XL: |  1  2  3  4 |
---------------+-------------+-----
Dodging        | 2 |  2.3
Stealth        | 1 |  1.3
Transmutations | 3 |  3.3
Fighting       | 2 |  2.0
Unarmed Combat | |  3.4
Spellcasting   | |  2.5

Action                   |  1- 3 |  4- 6 || total
-------------------------+-------+-------++-------
Melee: Unarmed           |   103 |    30 ||   133
       Tailslap          |    13 |    14 ||    27
       Kick              |    11 |     1 ||    12
       Headbutt          |     9 |     4 ||    13
       War axe           |       |    33 ||    33
       Punch             |       |     2 ||     2
 Cast: Beastly Appendage |    13 |     2 ||    15
       Spider Form       |       |     1 ||     1
  Use: Scroll            |       |     2 ||     2
 Stab: Sleeping          |     1 |     2 ||     3
       Distracted        |     1 |       ||     1
Armor: Skin              |    32 |    18 ||    50
Dodge: Dodged            |    73 |    49 ||   122

Table legend: (Time is in decaauts)
 A = Elapsed time spent in this place.
 B = Non-inter-level travel time spent in this place.
 C = Inter-level travel time spent in this place.
 D = Time resting spent in this place.
 E = Time spent auto-exploring this place.
 F = Levels seen in this place.
 G = Mean time per level.
                   A        B        C        D        E       F      G
               +--------+--------+--------+--------+--------+-----+--------+
         Total |   3186 |   3137 |     49 |    273 |   2353 |   3 | 1062.0 |
       Dungeon |   3186 |   3137 |     49 |    273 |   2353 |   3 | 1062.0 |
               +--------+--------+--------+--------+--------+-----+--------+

Top non-repeatable levels by time:
     D:1: 1292 daAuts
     D:2: 1108 daAuts
     D:3: 785 daAuts
